 Dungeon Crawl Stone Soup version 0.30-b1-2-g02819fbbbe (webtiles) character file.

Game seed: 4277105801864725187

28 Alarkh the Charlatan (level 3, 29/29 HPs)
             Began as a Demonspawn Artificer on Dec 4, 2023.
             Got out of the dungeon alive.
             The game lasted 00:00:52 (708 turns).

Alarkh the Charlatan (Demonspawn Artificer)          Turns: 708, Time: 00:00:52

Health: 29/29      AC:  6    Str: 12    XL:     3   Next: 0%
Magic:  3/3        EV: 11    Int: 14    God:
Gold:   77         SH:  0    Dex: 13    Spells: 2/2 levels left

rFire   . . .        a - +2 dagger (flame)
rCold   . . .        (no shield)
rNeg    . . .        b - +0 leather armour
rPois   .            (helmet restricted)
rElec   .            k - +2 cloak
rCorr   .            (no gloves)
SInv    .            (no boots)
Will    .....        (no amulet)
Stlth   +            (no ring)
HPRegen 0.24/turn    (no ring)
MPRegen 0.08/turn

%: no passive effects
@: no status effects
A: antennae 1, sturdy frame 1
a: no special abilities


You escaped.
You visited 1 branch of the dungeon, and saw 1 of its levels.

You collected 77 gold pieces.

Inventory:

Hand Weapons
 a - a +2 dagger of flaming (weapon)
 g - a +0 club
Armour
 b - a +0 leather armour (worn)
 k - a +2 cloak (worn)
Wands
 c - a wand of flame (10) (quivered)
 d - a wand of charming (15)
 e - a wand of iceblast (5)
Scrolls
 f - a scroll of immolation {unknown}
 j - 2 scrolls of identify {unknown}
 l - 2 scrolls of teleportation {unknown}
 m - a scroll of enchant armour {unknown}
Potions
 h - 2 potions of flight {unknown}
 i - a potion of brilliance {unknown}
 n - a potion of curing {unknown}


   Skills:
 + Level 3.0 Fighting
 - Level 1.7 Armour
 - Level 0.8 Dodging
 - Level 0.8 Stealth
 - Level 3.0 Evocations


You had 2 spell levels left.
You didn't know any spells.
Your spell library contained the following spells:

 Spells                   Type           Power      Damage    Failure   Level
 Petrify                  Tmut/Erth      0%         N/A       96%         4
 Metabolic Englaciation   Hex/Ice        0%         N/A       100%        5
 Statue Form              Tmut/Erth      0%         N/A       100%        6


Dungeon Overview and Level Annotations

Branches:
Dungeon (1/15)

Altars:


Innate Abilities, Weirdness & Mutations

You have a pair of small antennae on your head.
Your movements are slightly less encumbered by armour. (ER -2)


Message History

Found a stone staircase leading down.
The goblin shouts!
A goblin is nearby!
The goblin hits you but does no damage.
You hit the goblin. You burn the goblin.
You kill the goblin!
Your Fighting skill increases to level 3!
No target in view!
No target in view!
No target in view!
No target in view!
No target in view!
No target in view!
No target in view!
You see here a +0 dagger.
There is a stone staircase leading down here.
You enter the shallow water.
Moving in this stuff is going to be slow.
You enter the shallow water.
Moving in this stuff is going to be slow.
You enter the shallow water.
Moving in this stuff is going to be slow.
h - 2 viscous sapphire potions (gained 1)
An endoplasm comes into view.
An endoplasm is nearby!
An endoplasm is nearby!
The endoplasm quivers.
You hit the endoplasm. You burn the endoplasm.
The endoplasm is severely wounded.
The endoplasm barely misses you.
You hit the endoplasm. You burn the endoplasm.
You kill the endoplasm!
You have reached level 3!
Your experience leads to an increase in your attributes!
Increase (S)trength, (I)ntelligence, or (D)exterity?
You feel clever. x2; Your demonic ancestry asserts itself...
A pair of antennae grows on your head!
There is a staircase leading out of the dungeon here.
Are you sure you want to leave the Dungeon?
This will make you lose the game!
You have escaped!

#####...#.#...#........#.##...###
###...###..#...#.#....#..##......
.##.### #...#...#....#...##......
.##.# #....#.#.#..#....##.#####
.#..#####.....#...##.....##.# ###
#..#...##....#...#.#.....##.###..
.......##...#...#...#....##......
.......##..#...#.#...#.#.##......
..........#...#.@.#...#..........
........#....#.......#.#.#.......
..##....#...#.#.....#...##...####
..##.#..#..#...#...#.....##+###..
..##.#..#.....#.#.##.....#.......
.....#..#....#...#..#....#.......
.....##.#...#...#....#...#.......
........#..#...#......#..#.......
.....##.#.#............#.##......


There were no monsters in sight!

Vanquished Creatures
  2 dart slugs (D:1)
  2 endoplasms (D:1)
  A giant cockroach (D:1)
  6 goblins (D:1)
  4 kobolds (D:1)
  2 quokkas (D:1)
  2 ball pythons (D:1)
  3 bats (D:1)
  A frilled lizard (D:1)
23 creatures vanquished.

Notes
Turn   | Place    | Note
-------+----------+-------------------------------------------
     0 | D:1      | Alarkh the Demonspawn Artificer began the quest for the
                  | Orb.
     0 | D:1      | Reached XP level 1. HP: 15/15 MP: 1/1
    98 | D:1      | Gained mutation: Your movements are slightly less
                  | encumbered by armour. (ER -2) [demonic ancestry]
    98 | D:1      | Reached XP level 2. HP: 12/22 MP: 2/2
   668 | D:1      | Gained mutation: You have a pair of small antennae on your
                  | head. [demonic ancestry]
   668 | D:1      | Reached XP level 3. HP: 29/29 MP: 3/3
   708 | D:$      | Got out of the dungeon alive.

Illustrated notes

Levels and vault maps discovered:
D:1:      matt_arrival_diagonals, layout_basic, serial_curves, eino_curves_01,
          eino_curves_02, chequers_serial_rivers_large_a

Skill      XL: |  1  2 |
---------------+-------+-----
Fighting       | 2 3 |  3.0
Armour         | |  1.7
Dodging        | |  0.8
Stealth        | |  0.8
Evocations     | |  3.0

Action                     || total
---------------------------++-------
  Melee: Club              ||    10
         Dagger            ||    39
  Evoke: Wand              ||     5
   Stab: Sleeping          ||     1
 Armour: Leather armour    ||    17
  Dodge: Dodged            ||    31
